 Dungeon Crawl Stone Soup version 0.28-a0-114-g2bf3c13a2f (webtiles) character file.

Game seed: 12769201577499840166

1001 Rennog the Fighter (level 8, -4/61 HPs)
             Began as an Octopode Fighter on Aug 13, 2021.
             Slain by a water moccasin (9 damage)
             ... on level 6 of the Dungeon.
             The game lasted 00:11:16 (7392 turns).

Rennog the Fighter (Octopode Fighter)               Turns: 7392, Time: 00:11:17

Health: -4/61      AC:  1    Str: 15    XL:     8   Next: 20%
Magic:  8/8        EV: 26    Int: 11    God:
Gold:   249        SH:  8    Dex: 13    Spells: 7/7 levels left

rFire   . . .      SeeInvis .   a - +0 flail
rCold   . . .      Faith    .   b - +0 kite shield
rNeg    . . .      Spirit   .   (helmet restricted)
rPois   .          Reflect  .   n - amulet of the acrobat
rElec   .          Harm     .   (no ring)
rCorr   .          Rampage  .   (no ring)
Will    .....                   (no ring)
Stlth   ++++......              (no ring)
HPRegen 0.20/turn               (no ring)
MPRegen 0.11/turn               (no ring)
                                (no ring)
                                (no ring)

@: acrobatic
A: almost no armour, amphibious, 8 rings, camouflage 1, gelatinous body 1,
(nimble swimmer 1), tentacles
a: no special abilities


You were on level 6 of the Dungeon.
You visited 1 branch of the dungeon, and saw 6 of its levels.

You collected 249 gold pieces.

Inventory:

Hand Weapons
 a - a +0 flail (weapon)
Armour
 b - a +0 kite shield (worn)
Jewellery
 l - an amulet of magic regeneration
 n - an amulet of the acrobat (around mantle)
Wands
 o - a wand of charming (3)
 s - a wand of iceblast (7)
 u - a wand of paralysis (6)
Scrolls
 d - a scroll of summoning {unknown}
 e - 2 scrolls of magic mapping {unknown}
 i - 10 scrolls of identify {unknown}
 k - a scroll of blinking {unknown}
 m - 6 scrolls of teleportation {unknown}
 q - a scroll of amnesia {unknown}
 r - 4 scrolls of noise {unknown}
 v - a scroll of silence {unknown}
Potions
 c - a potion of might
 f - 2 potions of haste {unknown}
 g - a potion of lignification {unknown}
 h - 2 potions of resistance {unknown}
 j - a potion of heal wounds {unknown}
 p - a potion of mutation {unknown}
 t - a potion of curing {unknown}


   Skills:
 * Level 8.2 Fighting
 - Level 2.0 Maces & Flails
 - Level 3.0 Dodging
 + Level 7.4 Stealth
 - Level 3.0 Shields


You had 7 spell levels left.
You didn't know any spells.
Your spell library contained the following spells:

 Spells                   Type           Power      Damage    Failure   Level
 Passwall                 Tmut/Erth      0%         N/A       94%         2
 Frozen Ramparts          Ice            0%         1d2       99%         3
 Gell's Gravitas          Tloc           0%         N/A       99%         3
 Lesser Beckoning         Tloc           0%         N/A       99%         3
 Swiftness                Air            0%         N/A       99%         3
 Teleport Other           Tloc           0%         N/A       99%         3
 Ice Form                 Ice/Tmut       0%         N/A       100%        4
 Summon Ice Beast         Ice/Summ       0%         N/A       100%        4
 Invisibility             Hex            0%         N/A       100%        6


Dungeon Overview and Level Annotations

Branches:
Dungeon (6/15)
 Temple: D:4-7

Altars:
Qazlal
Vehumet

Shops:
D:2 (

Annotations:
D:3 Grinder, Sigmund
D:4 2 runed translucent doors


Innate Abilities, Weirdness & Mutations

You cannot wear most types of armour.
You are amphibious.
You can wear up to eight rings at the same time.
Your skin changes colour to match your surroundings (Stealth+).
Your rubbery body absorbs attacks. (AC +1, EV +1)
((You are camouflaged near water. (Stealth+)))
You have tentacles for arms and can constrict up to eight enemies at once.


Message History

The phantom hits you!
You thump the phantom!
The phantom is almost destroyed.
The water moccasin hisses angrily.
The phantom closely misses you. The phantom barely misses you.
You hit the phantom but do no damage.
The phantom is severely damaged.
The phantom hits you.
The phantom blinks!
You blink.
The water moccasin completely misses you.
You closely miss the phantom.
The phantom is severely damaged.
The water moccasin bites you!
You are poisoned.
The water moccasin poisons you! The phantom hits you.
The phantom blinks!
You blink.
You block the phantom's attack.
You barely miss the phantom. Your squeeze misses the phantom.
The phantom is severely damaged.
You feel very sick.
The water moccasin completely misses you.
The phantom hits you. The water moccasin bites you.
You are too injured to fight recklessly!
You are too injured to fight recklessly!
You are too injured to fight recklessly!
You feel sick. The water moccasin bites you.
* * * LOW HITPOINT WARNING * * *
The phantom completely misses you.
You feel sick.
You feel sick. The phantom misses you.
You feel sick. The water moccasin bites you!
* * * LOW HITPOINT WARNING * * *
You feel sick.
You feel sick.
You feel sick.
You are no longer poisoned.
The water moccasin misses you.
The water moccasin completely misses you.
The water moccasin closely misses you.
There is a stone staircase leading up here.
The water moccasin bites you!
You die...

#.#............##.###.......
#.#....#...##.....#######... #
##........##......####....
##.................##....
##.##....#...##.##...........
#..........#.................
###.##...###......#.^#.#.....
###.....## #....####.........
#.....#.####@...######.......
##.........WS.........))..####
#........##.......######....#
#......####.#....## #.....#
#(##..###.....#....# #.....#
###.##.###....####.#....
....... ##...........###
#.#######...... .....#.#.....#
#.# #...... .......#.....# #.#
..##...


You could see a phantom and a water moccasin.

Vanquished Creatures
  Menkaure (D:4)
  A black bear (D:4)
  An ogre (D:5)
  2 scorpions (D:5)
  A jelly (D:4)
  A wyvern skeleton (D:6)
  A water moccasin skeleton (D:4)
  A centaur zombie (D:5)
  2 bullfrog skeletons
  An orc priest (D:6)
  An orc wizard (D:6)
  Ijyb (D:3)
  2 iguanas
  A howler monkey zombie (D:5)
  Robin (D:3)
  7 gnolls
  3 adders
  A worm (D:4)
  A dart slug (D:3)
  3 orcs
  3 ball pythons
  4 bats
  2 endoplasms (D:1)
  5 giant cockroaches
  8 hobgoblins
  5 jackals
  5 kobolds
  3 quokkas
  7 frilled lizards
  16 goblins
  4 rats
95 creatures vanquished.

Notes
Turn   | Place    | Note
-------+----------+-------------------------------------------
     0 | D:1      | Rennog the Octopode Fighter began the quest for the Orb.
     0 | D:1      | Reached XP level 1. HP: 16/16 MP: 1/1
    40 | D:1      | Reached skill level 1 in Stealth
    86 | D:1      | Reached XP level 2. HP: 21/21 MP: 2/2
   374 | D:1      | Noticed a shining eye
   376 | D:1      | Found a faded altar of an unknown god.
   380 | D:1      | Noticed a floating eye
   380 | D:1      | Noticed an eye of devastation
   380 | D:1      | Noticed a shining eye
   907 | D:1      | Reached XP level 3. HP: 27/27 MP: 3/3
  1161 | D:2      | Found a radiant altar of Vehumet.
  1446 | D:2      | Found Oqaathuo's Weapon Shoppe.
  1556 | D:2      | Reached skill level 4 in Fighting
  1685 | D:2      | Reached XP level 4. HP: 34/34 MP: 4/4
  2265 | D:3      | Noticed Grinder
  2339 | D:3      | Noticed Robin
  2356 | D:3      | Killed Robin
  2375 | D:3      | Paralysed by Grinder for 2 turns
  2743 | D:3      | Reached XP level 5. HP: 38/38 MP: 5/5
  2897 | D:3      | Reached skill level 5 in Fighting
  2898 | D:3      | Noticed Ijyb
  2921 | D:3      | Killed Ijyb
  3178 | D:3      | Noticed Sigmund
  3236 | D:4      | Reached XP level 6. HP: 35/46 MP: 6/6
  3366 | D:4      | Noticed an air elemental
  3368 | D:4      | Found a stormy altar of Qazlal.
  3518 | D:4      | Noticed a fire elemental
  3519 | D:4      | Noticed a water elemental
  3532 | D:4      | Noticed a black bear
  3575 | D:4      | Noticed Menkaure
  3614 | D:4      | Killed Menkaure
  3615 | D:4      | Reached skill level 6 in Fighting
  3615 | D:4      | Reached skill level 5 in Stealth
  4004 | D:4      | Found a large runed translucent door.
  4007 | D:4      | Found a large runed translucent door.
  4288 | D:5      | Entered Level 5 of the Dungeon
  4537 | D:5      | Reached XP level 7. HP: 12/53 MP: 7/7
  5479 | D:5      | Reached skill level 7 in Fighting
  6562 | D:5      | Reached XP level 8. HP: 32/61 MP: 8/8
  6901 | D:6      | Reached skill level 8 in Fighting
  7385 | D:6      | HP: 3/61 [poisoned by a water moccasin]
  7392 | D:6      | Slain by a water moccasin

Illustrated notes

Levels and vault maps discovered:
D:1:      dpeg_arrival_shelter, layout_basic,
          hellmonk_ecumenical_altar_watching_god
D:2:      layout_basic, basic_altar, serial_shops, nicolae_shop_behind_doors,
          minmay_misc_feat_roman, kennysheep_minor_cross, grunt_ministairs_11
D:3:      layout_rooms, minmay_misc_feat_tower, uniq_robin, uniq_grinder,
          uniq_ijyb, uniq_sigmund
D:4:      layout_gridville, jmf_multi_god_temple2,
          nicolae_qazlal_style_of_elements, serial_forest,
          infiniplex_forest_lined_room_3, infiniplex_forest_straight_4,
          infiniplex_forest_clump_small, infiniplex_forest_zigzag_1,
          infiniplex_forest_end_3, infiniplex_forest_lined_4_way,
          infiniplex_forest_lined_room_2, infiniplex_forest_zigzag_1,
          hangedman_decor_clover_reticule, hangedman_feature_mirror,
          kennysheep_donut, uniq_menkaure
D:5:      layout_basic
D:6:      layout_rooms

Skill      XL: |  1  2  3  4  5  6  7  8 |
---------------+-------------------------+-----
Stealth        | 1 2 3 4 5 7 |  7.4
Fighting       | 4 5 6 7 8 |  8.2
Maces & Flails | |  2.0
Dodging        | |  3.0
Shields        | |  3.0

Action                   |  1- 3 |  4- 6 |  7- 9 || total
-------------------------+-------+-------+-------++-------
Melee: Flail             |    59 |    89 |    69 ||   217
       Tentacles         |    11 |    18 |    16 ||    45
       Constrict         |    14 |    30 |     9 ||    53
  Use: Potion            |       |     1 |       ||     1
 Stab: Sleeping          |     7 |    11 |     4 ||    22
       Distracted        |       |     1 |     1 ||     2
Armor: Skin              |     6 |     6 |     2 ||    14
Dodge: Dodged            |    21 |    30 |    47 ||    98
Block: Kite shield       |    21 |    25 |    27 ||    73

Table legend: (Time is in decaauts)
 A = Elapsed time spent in this place.
 B = Non-inter-level travel time spent in this place.
 C = Inter-level travel time spent in this place.
 D = Time resting spent in this place.
 E = Time spent auto-exploring this place.
 F = Levels seen in this place.
 G = Mean time per level.
                   A        B        C        D        E       F      G
               +--------+--------+--------+--------+--------+-----+--------+
         Total |   7514 |   7153 |    361 |    385 |   5615 |   6 | 1252.3 |
       Dungeon |   7514 |   7153 |    361 |    385 |   5615 |   6 | 1252.3 |
               +--------+--------+--------+--------+--------+-----+--------+

Top non-repeatable levels by time:
     D:5: 1925 daAuts
     D:4: 1705 daAuts
     D:2: 1445 daAuts
     D:1: 1159 daAuts
     D:3: 727 daAuts
     D:6: 551 daAuts
